 Dungeon Crawl Stone Soup version 0.21.1-1-g345015f (webtiles) character file.

26 Flooderbenga the Grave Robber (level 3, 0/25 HPs)
             Began as a Gnoll Necromancer on Apr 9, 2018.
             Slain by a hound (4 damage)
             ... on level 4 of the Dungeon.
             The game lasted 00:09:08 (411 turns).

Flooderbenga the Grave Robber (Gnoll Necromancer)    Turns: 411, Time: 00:09:09

Health: 0/25       AC:  2    Str:  7 (10) XL:     3   Next: 8%
Magic:  3/9        EV: 14    Int: 17 (18) God:
Gold:   28         SH:  0    Dex: 13 (15) Spells: 10/12 levels left

rFire    . . .     SeeInvis .   e - +0 dagger
rCold    . . .     Gourm    .   (no shield)
rNeg     . . .     Faith    .   a - +0 robe
rPois    .         Spirit   .   (no helmet)
rElec    .         Reflect  .   (no cloak)
rCorr    .         Harm     .   (no gloves)
MR       .....                  (no boots)
Stlth    +++.......             (no amulet)
HPRegen  0.08/turn              (no ring)
MPRegen  0.11/turn              (no ring)

@: no status effects
A: distributed training, fangs 1, strong nose
a: no special abilities


You were on level 4 of the Dungeon.
You were not hungry.

You visited 1 branch of the dungeon, and saw 4 of its levels.

You collected 28 gold pieces.

Inventory:

Hand Weapons
 e - a +0 dagger (weapon)
Missiles
 d - 9 stones (quivered)
Armour
 a - a +0 robe (worn)
Scrolls
 f - a scroll of remove curse {unknown}
 g - 2 scrolls of noise {unknown}
 j - a scroll of enchant weapon {unknown}
 l - a scroll of identify {unknown}
 m - a scroll of teleportation {unknown}
Potions
 h - a potion of lignification {unknown}
 i - a potion of curing {unknown}
 k - a potion of flight {unknown}
Books
 b - a book of Necromancy

   Spells                             Type                      Level
   a - Pain                           Necromancy                   1
   b - Animate Skeleton               Necromancy                   1
   c - Vampiric Draining              Necromancy                   3
   d - Regeneration                   Charms/Necromancy            3
   e - Animate Dead                   Necromancy                   4
   f - Borgnjor's Vile Clutch         Necromancy/Earth             5
Comestibles
 c - 3 rations


   Skills:
 + Level 0.6 Fighting
 + Level 0.6 Short Blades
 + Level 0.6 Long Blades
 + Level 0.6 Axes
 + Level 0.6 Maces & Flails
 + Level 0.6 Polearms
 + Level 0.6 Staves
 + Level 0.6 Slings
 + Level 0.6 Bows
 + Level 0.6 Crossbows
 + Level 0.6 Throwing
 + Level 0.6 Armour
 + Level 4.5 Dodging
 + Level 4.1 Stealth
 + Level 0.6 Shields
 + Level 0.6 Unarmed Combat
 + Level 5.0 Spellcasting
 + Level 0.4 Conjurations
 + Level 0.4 Hexes
 + Level 0.4 Charms
 + Level 0.4 Summonings
 + Level 7.1 Necromancy
 + Level 0.4 Translocations
 + Level 0.4 Transmutations
 + Level 0.4 Fire Magic
 + Level 0.4 Ice Magic
 + Level 0.4 Air Magic
 + Level 0.4 Earth Magic
 + Level 0.4 Poison Magic
 + Level 0.8 Invocations
 + Level 0.6 Evocations


You had 10 spell levels left.
You knew the following spells:

 Your Spells              Type           Power        Failure   Level  Hunger
a - Pain                  Necr           ####         1%          1    None
z - Animate Skeleton      Necr           N/A          1%          1    None


Dungeon Overview and Level Annotations

Branches:
Dungeon (4/15)
 Temple: D:4-7

Altars:

Annotations:
D:3 erker's ghost, amateur OpTm


Innate Abilities, Weirdness & Mutations

Your experience applies equally to all skills.
You have very sharp teeth.
Your uncanny sense of smell can sniff out nearby items.


Message History

A leopard gecko comes into view.
There is a stone staircase leading up here.
Found a stone staircase leading down.
The helpless leopard gecko fails to defend itself.
You puncture the leopard gecko!
You kill the leopard gecko!
Your Spellcasting skill increases to level 5!
A hound comes into view.
You see here a leopard gecko corpse.
You can't see any susceptible monsters within range! (Use Z to cast anyway.)
Aim: a hound (hasn't noticed you, chance to defeat MR: 89%)
The hound barks!
The hound barely resists.
You take 1 damage, and have 6/25 hp.
You now have 4/9 mp.
Aim: a hound (chance to defeat MR: 89%)
The hound writhes in agony!
You take 1 damage, and have 5/25 hp.
Aim: a hound (lightly wounded, chance to defeat MR: 89%)
The hound barely resists.
The hound bites you.
You die...

## #.##∆
.###########...#.##
.......<..†@h......
.###########....>..
#.##.## .# #


You could see a hound.

Vanquished Creatures
  A dart slug (D:1)
  A leopard gecko (D:4)
  2 bats (D:1)
  A giant cockroach (D:1)
  3 goblins
  4 hobgoblins
  2 frilled lizards (D:3)
  4 kobolds
  4 rats
22 creatures vanquished.

Notes
Turn   | Place    | Note
-------+----------+-------------------------------------------
     0 | D:1      | Flooderbenga the Gnoll Necromancer began the quest for the Orb.
     0 | D:1      | Reached XP level 1. HP: 13/13 MP: 6/6
   163 | D:2      | Reached XP level 2. HP: 10/19 MP: 0/7
   166 | D:2      | Learned a level 1 spell: Animate Skeleton
   369 | D:3      | Reached XP level 3. HP: 6/25 MP: 3/9
   392 | D:3      | Noticed erker's ghost (amateur OpTm)
   406 | D:4      | Reached skill level 5 in Spellcasting
   411 | D:4      | Slain by a hound

Skill      XL: |  1  2  3 |
---------------+----------+-----
Spellcasting   | 5 |  5.0
Fighting       | |  0.6
Short Blades   | |  0.6
Long Blades    | |  0.6
Axes           | |  0.6
Maces & Flails | |  0.6
Polearms       | |  0.6
Staves         | |  0.6
Slings         | |  0.6
Bows           | |  0.6
Crossbows      | |  0.6
Throwing       | |  0.6
Armour         | |  0.6
Dodging        | |  4.5
Stealth        | |  4.1
Shields        | |  0.6
Unarmed Combat | |  0.6
Conjurations   | |  0.4
Hexes          | |  0.4
Charms         | |  0.4
Summonings     | |  0.4
Necromancy     | |  7.1
Translocations | |  0.4
Transmutations | |  0.4
Fire Magic     | |  0.4
Ice Magic      | |  0.4
Air Magic      | |  0.4
Earth Magic    | |  0.4
Poison Magic   | |  0.4
Invocations    | |  0.8
Evocations     | |  0.6

Action                   || total
-------------------------++-------
Melee: Unarmed           ||     2
       Dagger            ||    13
       Bite              ||     1
Throw: Stone             ||     2
 Cast: Pain              ||    27
       Animate Skeleton  ||     3
  Use: Potion            ||     2
 Stab: Sleeping          ||     2
Armor: Robe              ||     6
Dodge: Dodged            ||    30
